 Dungeon Crawl Stone Soup version 0.23-a0-650-ga4d50d4 (console) character file.

10931 bli the Thaumaturge (level 11, -4/83 HPs)
             Began as a White Draconian Earth Elementalist on Jan 4, 2019.
             Was a High Priest of Ru.
             Slain by a red ugly thing (11 damage)
             ... on level 11 of the Dungeon.
             The game lasted 01:06:45 (13136 turns).

bli the Thaumaturge (DrEE)                         Turns: 13136, Time: 01:06:45

Health: -4/83      AC:  8    Str: 12    XL:     11   Next: 42%
Magic:  2/35       EV: 14    Int: 18    God:    Ru [*****.]
Gold:   915        SH:  5    Dex: 11    Spells: 12/32 levels left

rFire    . . .     SeeInvis .   a - +0 dagger (drain)
rCold    + . .     Gourm    .   (no shield)
rNeg     . . .     Faith    .   (armour unavailable)
rPois    .         Spirit   .   (helmet restricted)
rElec    .         Reflect  +   (no cloak)
rCorr    .         Harm     .   (no gloves)
MR       +....                  K - +0 pair of boots
Stlth    ++........             e - +5 amulet of reflection
HPRegen  0.23/turn              L - ring of magical power
MPRegen  0.24/turn              W - ring of protection from magic

@: horrified
A: breathe frost, unfitting armour, cold resistance 1, cold-blooded, hated by
all, cowardly, inexperienced 1, AC +7
a: Breathe Frost, Draw Out Power, Power Leap, Apocalypse, Renounce Religion


You were on level 11 of the Dungeon.
You worshipped Ru.
Ru was extremely pleased with you.
You were near starving.

You visited 3 branches of the dungeon, and saw 13 of its levels.

You collected 915 gold pieces.

Inventory:

Hand Weapons
 a - a +0 dagger of draining (weapon)
 b - a +2 long sword
 p - a +1 antimagic hand axe
 u - a +0 short sword of protection
 y - a +2 trident of piercing
 E - a +2 trident of protection
 Q - a +2 scimitar
 T - a +0 dagger of venom
Missiles
 C - 2 exploding tomahawks
 D - 13 tomahawks
 R - 46 stones (quivered)
Armour
 l - a +0 buckler
 K - a +0 pair of boots (worn)
Jewellery
 e - a +5 amulet of reflection (around neck)
 o - a +2 ring of strength
 s - an uncursed ring of protection from cold
 x - an uncursed amulet of harm
 H - an uncursed amulet of regeneration
 L - a ring of magical power (left hand)
 S - an uncursed amulet of harm
 W - a ring of protection from magic (right hand)
 Y - an uncursed ring of fire
Wands
 f - a wand of acid (11)
 F - a wand of flame (47)
 I - a wand of random effects (23)
 J - a wand of digging (5)
 U - a wand of disintegration (18)
 Z - a wand of iceblast (17)
Scrolls
 d - 2 scrolls of magic mapping
 j - 3 scrolls of fear
 m - 2 scrolls of noise {unknown}
 n - a scroll of blinking
 t - 2 scrolls of fog
 z - 3 scrolls of random uselessness {unknown}
 A - 8 scrolls of remove curse
 B - 2 scrolls of enchant armour {unknown}
 M - 2 scrolls of enchant weapon {unknown}
 N - 5 scrolls of teleportation {unknown}
 V - a scroll of torment {unknown}
 X - a scroll of holy word
Potions
 g - 4 potions of mutation {unknown}
 h - a potion of resistance
 i - a potion of invisibility
 k - 3 potions of curing
 r - 3 potions of lignification {unknown}
 v - 4 potions of agility {unknown}
 w - a potion of degeneration
 G - a potion of magic
 O - 3 potions of heal wounds {unknown}
 P - 2 potions of brilliance
Comestibles
 c - 22 rations
 q - 3 chunks of flesh


   Skills:
 + Level 3.8 Fighting
 + Level 3.3 Short Blades
 + Level 0.2(2.0) Long Blades
 + Level 5.2 Dodging
 + Level 4.1 Stealth
 + Level 0.2 Shields
 + Level 11.4 Spellcasting
 + Level 4.0 Conjurations
 * Level 4.1 Necromancy
 + Level 1.0 Transmutations
 + Level 9.5 Earth Magic


You had 12 spell levels left.
You knew the following spells:

 Your Spells              Type           Power        Failure   Level  Hunger
a - Sandblast             Erth           ####..       1%          1    None
b - Stone Arrow           Conj/Erth      ####..       1%          3    None
d - Lee's Rapid Deconstr  Erth           ####......   3%          5    ####...
D - Bolt of Draining      Conj/Necr      ###.......   34%         5    ####...
L - Leda's Liquefaction   Hex/Erth       ###.......   10%         4    ##.....
W - Passwall              Tmut/Erth      ###.....     1%          2    None

Your spell library contained the following spells:

 Spells                   Type           Power        Failure   Level  Hunger
 Corpse Rot               Necr           N/A          1%          2    None
 Sublimation of Blood     Necr           ###.......   1%          2    None
 Corona                   Hex            #......      7%          1    None
 Petrify                  Tmut/Erth      ###.....     8%          4    ##.....
 Slow                     Hex            #.......     11%         2    None
 Inner Flame              Hex/Fire       #.......     21%         3    None
 Portal Projectile        Hex/Tloc       #.....       21%         3    None
 Agony                    Necr           ###.....     34%         5    ####...
 Dispel Undead            Necr           ###.....     34%         5    ####...
 Cause Fear               Hex            #.........   56%         4    ##.....
 Excruciating Wounds      Chrm/Necr      ##........   63%         5    ####...


Dungeon Overview and Level Annotations

Branches:
Dungeon (11/15)            Temple (1/1) D:4             Orc (1/2) D:10
   Lair: D:8-11

Altars:
Ashenzari
Cheibriados
Dithmenos
Elyvilon
Fedhas
Gozag
Hepliaklqana
Kikubaaqudgha
Makhleb
Nemelex Xobeh
Okawaru
Qazlal
Ru
Sif Muna
Trog
Uskayaw
Vehumet
Wu Jian
Xom
Yredelemnul
Zin
The Shining One

Shops:
Orc:1 [


Innate Abilities, Weirdness & Mutations

You can breathe waves of freezing cold.
You can buffet flying creatures when you breathe cold.
Your icy white scales are hard. (AC +7)
You cannot fit into any form of body armour.
Your flesh is cold resistant. (rC+)
You are cold-blooded and may be slowed by cold attacks.
You are hated by all.
Your cowardice makes you less effective in combat with threatening monsters.
You are somewhat inexperienced. (-2 XL)


Message History

Confirm with . or Enter, or press ? or * to list all spells.
Aiming: Sandblast (safe; 1% risk of failure)
Press: ? - help, Shift-Dir - straight line, f/p - red ugly thing
Aim: a red ugly thing (heavily wounded, softly glowing, lightly drained)
The blast of sand hits the red ugly thing.
The red ugly thing is severely wounded.
R - 47 stones The adder misses you. The red ugly thing barely misses you.
Casting: Sandblast (safe; 1% risk of failure)
Confirm with . or Enter, or press ? or * to list all spells.
Aiming: Sandblast (safe; 1% risk of failure)
Press: ? - help, Shift-Dir - straight line, f/p - red ugly thing
Aim: a red ugly thing (severely wounded, softly glowing, lightly drained)
The blast of sand hits the red ugly thing.
The red ugly thing is severely wounded.
R - 46 stones The adder closely misses you.
The red ugly thing stings you!
* * * LOW HITPOINT WARNING * * *
You are engulfed in flames!
You die...

#..#(... #..#.... ...oo..
###### #.F..## ......
+.....###
#>..###############).......
#...........u)...))).......
#.#........#####..#........
###.#.........# #..#........
#.......<[....####..#.###...#
#.......≈≈.^...u@S..#.# ..P
#......(≈≈..........#.# PP
....................#.#
#...................##.
######.................
#............[.#..
#.....#######..##.. #.....#
..# .P #..<..# #######


You could see a red ugly thing and an adder.

Vanquished Creatures
  2 two-headed ogres
  Joseph (D:7)
  A centaur zombie (D:8)
  A gargoyle (D:8)
  Psyche (D:8)
  3 trolls
  3 hippogriffs
  A vampire (D:7)
  A spriggan (D:7)
  Sigmund (D:5)
  4 yaks (D:9)
  A wraith (D:10)
  2 hungry ghosts
  A steam dragon (D:8)
  An acid dragon (D:9)
  9 orc warriors
  4 ice beasts
  A sky beast (D:7)
  4 phantoms
  7 ogres
  6 centaurs
  4 big kobolds
  13 bullfrogs
  A wyvern zombie (D:9)
  4 scorpions
  3 killer bees (D:10)
  4 wights (D:6)
  5 howler monkeys
  4 crimson imps
  A bullfrog zombie (D:5)
  6 hounds
  4 jellies
  7 orc priests
  3 bullfrog skeletons
  12 orc wizards
  4 iguanas
  12 worker ants
  A hound zombie (D:6)
  A hound skeleton (D:7)
  A howler monkey zombie (D:6)
  A worker ant zombie (D:5)
  A gnoll (D:7)
  10 adders
  2 adder skeletons
  2 worms
  2 dart slugs
  3 leopard geckos
  49 orcs
  6 giant cockroaches
  9 goblins
  7 hobgoblins
  10 jackals
  2 quokkas
  3 ball pythons
  3 bats (D:1)
  4 frilled lizards
  A giant cockroach zombie (D:6)
  2 jackal skeletons
  A jackal zombie (D:5)
  20 kobolds
  6 rats
289 creatures vanquished.

Vanquished Creatures (others)
  An orc (D:10)
1 creature vanquished.

Grand Total: 290 creatures vanquished

Notes
Turn   | Place    | Note
-------+----------+-------------------------------------------
     0 | D:1      | bli the Draconian Earth Elementalist began the quest for
                  | the Orb.
     0 | D:1      | Reached XP level 1. HP: 14/14 MP: 3/3
   318 | D:1      | Reached XP level 2. HP: 19/20 MP: 5/5
   987 | D:1      | Reached skill level 3 in Spellcasting
  1025 | D:1      | Reached XP level 3. HP: 22/26 MP: 7/7
  1327 | D:2      | Found a blossoming altar of Fedhas.
  1601 | D:2      | Reached XP level 4. HP: 34/34 MP: 5/9
  1786 | D:3      | Reached XP level 5. HP: 33/39 MP: 10/10
  2070 | D:3      | Reached skill level 4 in Spellcasting
  2349 | D:3      | Reached skill level 1 in Fighting
  2356 | D:3      | Reached XP level 6. HP: 33/47 MP: 1/13
  2745 | D:3      | You fall through a shaft!
  3050 | D:4      | Learned a level 5 spell: Lee's Rapid Deconstruction
  3128 | D:4      | Found a staircase to the Ecumenical Temple.
  3147 | Temple   | Entered the Ecumenical Temple
  3234 | Temple   | Became a worshipper of Ru the Awakened
  3460 | D:4      | Reached skill level 5 in Spellcasting
  3460 | D:4      | Reached skill level 5 in Earth Magic
  3873 | D:5      | Entered Level 5 of the Dungeon
  4003 | D:5      | Noticed Sigmund
  4044 | D:5      | Killed Sigmund
  4044 | D:5      | Your scales start taking on an icy white colour.
  4044 | D:5      | Reached XP level 7. HP: 46/52 MP: 11/15
  4044 | D:5      | Gained mutation: Your flesh is cold resistant. (rC+) [White
                  | Draconian growth]
  4124 | D:5      | Learned a level 3 spell: Stone Arrow
  4433 | D:5      | Found an opulent altar of Gozag.
  4460 | D:5      | Reached skill level 6 in Spellcasting
  4487 | D:5      | Reached XP level 8. HP: 45/61 MP: 3/17
  4751 | D:5      | Gained mutation: You are somewhat inexperienced. (-2 XL)
                  | [Ru sacrifice]
  4751 | D:5      | Reached XP level 7. HP: 53/53 MP: 16/16
  4751 | D:5      | Reached XP level 6. HP: 48/48 MP: 15/15
  4751 | D:5      | Reached * piety under Ru
  4751 | D:5      | Reached ** piety under Ru
  5038 | D:6      | Reached skill level 1 in Conjurations
  5038 | D:6      | Reached XP level 7. HP: 37/55 MP: 4/16
  5300 | D:6      | Reached skill level 7 in Spellcasting
  5388 | D:6      | Reached XP level 8. HP: 39/61 MP: 12/19
  5986 | D:6      | Reached skill level 8 in Spellcasting
  6404 | D:7      | Noticed Joseph
  6441 | D:7      | Killed Joseph
  6644 | D:7      | Reached XP level 9. HP: 43/68 MP: 21/21
  6826 | D:7      | Reached skill level 1 in Short Blades
  7177 | D:7      | Found a stormy altar of Qazlal.
  7192 | D:7      | Reached skill level 9 in Spellcasting
  7679 | D:8      | Noticed a two-headed ogre
  7719 | D:8      | Killed a two-headed ogre
  7819 | D:8      | Learned a level 2 spell: Passwall
  7825 | D:8      | Learned a level 5 spell: Bolt of Draining
  7882 | D:8      | Reached skill level 10 in Spellcasting
  7882 | D:8      | Reached XP level 10. HP: 63/75 MP: 14/24
  7902 | D:8      | Gained mutation: You are hated by all. [Ru sacrifice]
  7902 | D:8      | Reached *** piety under Ru
  7902 | D:8      | Reached **** piety under Ru
  7971 | D:8      | Noticed a gargoyle
  7991 | D:8      | Killed a gargoyle
  8518 | D:8      | Noticed Psyche
  8530 | D:8      | Killed Psyche
  8530 | D:8      | Reached skill level 1 in Necromancy
  9171 | D:9      | Reached skill level 5 in Dodging
 10093 | D:9      | Gained mutation: Your cowardice makes you less effective in
                  | combat with threatening monsters. [Ru sacrifice]
 10093 | D:9      | Reached ***** piety under Ru
 10665 | D:10     | Entered Level 10 of the Dungeon
 10850 | D:10     | Reached XP level 11. HP: 79/83 MP: 23/25
 11151 | D:10     | Reached skill level 11 in Spellcasting
 11220 | D:10     | Noticed a two-headed ogre
 11435 | D:10     | Killed a two-headed ogre
 11787 | D:10     | Found a staircase to the Orcish Mines.
 11797 | Orc:1    | Entered Level 1 of the Orcish Mines
 11867 | D:10     | Learned a level 4 spell: Leda's Liquefaction
 11955 | Orc:1    | Found Mahoaly's Armour Emporium.
 12109 | Orc:1    | Noticed an orc warlord
 13113 | D:11     | Noticed a red ugly thing
 13136 | D:11     | Slain by a red ugly thing

Vault maps used:
D:1:      sevenhm_arrival_forest_fort_small_3, minmay_door_square
D:2:      fedhas_altar_3
D:3:      cheibrodos_thug_alley, kennysheep_generic_room_4
D:4:      temple_pool_b, first_ration, serial_forest,
          infiniplex_forest_straight_3, infiniplex_forest_lined_room_2,
          infiniplex_forest_clump_long, infiniplex_forest_lined_1,
          infiniplex_forest_clump_medium, infiniplex_forest_clump_curved,
          infiniplex_forest_clump_small, dk_noncrumbling_3
D:5:      basic_altar, uniq_sigmund
D:7:      nicolae_qazlal_style_of_elements, st_stairs_9, the_bakery, uniq_joseph
D:8:      uniq_psyche
D:9:      chequers_serial_rivers_marsh
D:10:     david_orc_4
D:11:     david_lair_shrubbed, uniq_sonja
Temple:   dpeg_three_leaves_temple
Orc:1:    serial_shops, shop, nicolae_orc_bridge_out, nicolae_orc_lava_tube

Skill      XL: |  1  2  3  4  5  6  7  8  9 10 11 |
---------------+----------------------------------+-----
Dodging        | 2 4 5 |  5.2
Spellcasting   | 3 4 5 7 8 10 11 | 11.4
Earth Magic    | 4 5 7 8 9 |  9.5
Fighting       | 1 2 3 |  3.8
Stealth        | 2 3 4 |  4.1
Conjurations   | 1 2 3 4 |  4.0
Short Blades   | 1 2 3 |  3.3
Necromancy     | 2 4 |  4.1
Long Blades    | |  0.2
Shields        | |  0.2
Transmutations | |  1.0

Action                   |  1- 3 |  4- 6 |  7- 9 | 10-12 || total
-------------------------+-------+-------+-------+-------++-------
Melee: Hand axe          |    78 |    80 |       |       ||   158
       Tailslap          |     7 |    13 |    27 |    31 ||    78
       Dagger            |       |    87 |   259 |   310 ||   656
       Long sword        |       |       |       |    12 ||    12
Throw: Stone             |     1 |     9 |    20 |    20 ||    50
 Cast: Sandblast         |    18 |    54 |    94 |    97 ||   263
       Stone Arrow       |       |     4 |    35 |    71 ||   110
       Lee's Rapid Decon |       |       |     9 |    24 ||    33
       Leda's Liquefacti |       |       |       |     1 ||     1
Invok: Sacrifice Experie |       |     1 |       |       ||     1
       Sacrifice Love    |       |       |       |     1 ||     1
       Sacrifice Courage |       |       |       |     1 ||     1
       Reject Sacrifices |       |       |       |     1 ||     1
 Abil: Breathe Frost     |       |       |     1 |       ||     1
Evoke: Wand              |       |       |       |     1 ||     1
  Use: Scroll            |       |       |     8 |     4 ||    12
 Stab: Sleeping          |     3 |     1 |     2 |     8 ||    14
       Distracted        |     1 |       |       |     2 ||     3
       Invisible         |       |       |     1 |     2 ||     3
       Paralysed         |       |       |       |     2 ||     2
  Eat: Chunk             |     2 |     9 |    10 |    20 ||    41
       Ration            |       |       |     2 |       ||     2
Armor: Skin              |    22 |    58 |    72 |    67 ||   219
Dodge: Dodged            |    48 |   150 |   145 |   213 ||   556
Block: Other             |     8 |    60 |    66 |    64 ||   198
       Reflection        |       |     2 |     2 |     1 ||     5
       Rpst.: Long sword |       |       |       |     3 ||     3

Table legend:
 A = Non-vault XP
 B = Vault XP
 C = Vault XP percentage of total XP
 D = Non-vault monster count
 E = Vault monster count
 F = Vault count percentage of total count
                 A         B        C        D         E       F
            +---------+---------+-------+---------+---------+-------
      Total |   14628 |    2151 |  12.8 |     261 |      28 |   9.7
            +---------+---------+-------+---------+---------+-------
        D:1 |      42 |       0 |   0.0 |      24 |       0 |   0.0
        D:2 |      98 |       0 |   0.0 |      12 |       0 |   0.0
        D:3 |      72 |     210 |  74.5 |      15 |      11 |  42.3
        D:4 |     209 |       0 |   0.0 |      17 |       0 |   0.0
        D:5 |     767 |     223 |  22.5 |      25 |       1 |   3.8
        D:6 |    1542 |       0 |   0.0 |      31 |       0 |   0.0
        D:7 |    1148 |     764 |  40.0 |      17 |       4 |  19.0
        D:8 |    3140 |     418 |  11.7 |      24 |       1 |   4.0
        D:9 |    3017 |       0 |   0.0 |      28 |       0 |   0.0
       D:10 |    3561 |     407 |  10.3 |      49 |      10 |  16.9
       D:11 |     425 |     129 |  23.3 |      11 |       1 |   8.3
      Orc:1 |     607 |       0 |   0.0 |       8 |       0 |   0.0
            +---------+---------+-------+---------+---------+-------
